 Dungeon Crawl Stone Soup version 0.32-a0-673-g3729bd50f8 (webtiles) character file.

Game seed: 13658758708692282632

160 dolemite99 the Vexing (level 5, -1/41 HPs)
             Began as a Gnoll Hexslinger on Mar 10, 2024.
             Was an Initiate of Gozag.
             Slain by a lemure (8 damage)
             ... led by Pikel
             ... on level 4 of the Dungeon.
             The game lasted 00:10:00 (5887 turns).

dolemite99 the Vexing (Gnoll Hexslinger)            Turns: 5887, Time: 00:10:00

Health: -1/41      AC:  3    Str:  8    XL:     5   Next: 41%
Magic:  3/9        EV: 14    Int: 14    God:    Gozag
Gold:   297        SH:  0    Dex: 14    Spells: 1/10 levels left

rFire   . . .        a - +1 sling
rCold   . . .        (no shield)
rNeg    + . .        c - +1 robe
rPois   .            (no helmet)
rElec   .            (no cloak)
rCorr   .            (no gloves)
SInv    .            (no boots)
Will    .....        (no amulet)
Stlth   ++           l - ring of positive energy
HPRegen 0.26/turn    (no ring)
MPRegen 0.11/turn

%: no passive effects
@: invisible
A: fangs 1, strong nose, distributed training
a: Renounce Religion, Potion Petition, Call Merchant, Bribe Branch


You were on level 4 of the Dungeon.
You worshipped Gozag.
Gozag was aware of your devotion.
You visited 1 branch of the dungeon, and saw 4 of its levels.

You collected 319 gold pieces.
You paid 22 gold pieces to Gozag.

Inventory:

Hand Weapons
 a - a +1 sling (weapon)
Missiles
 f - 15 poisoned darts
Armour
 c - a +1 robe (worn)
Magical Staves
 m - a staff of cold
Jewellery
 l - a ring of positive energy (left hand)
Scrolls
 e - a scroll of revelation
Potions
 d - a potion of berserk rage {unknown}
 g - a potion of heal wounds {unknown}
 h - 2 potions of might {unknown}
 j - a potion of magic {unknown}
 n - a potion of degeneration {unknown}
 o - a potion of ambrosia {unknown}


   Skills:
 + Level 3.0 Fighting
 + Level 1.5 Short Blades
 + Level 1.5 Long Blades
 + Level 1.5 Axes
 + Level 1.5 Maces & Flails
 + Level 1.5 Polearms
 + Level 1.5 Staves
 + Level 4.8 Ranged Weapons
 + Level 1.5 Throwing
 + Level 1.5 Armour
 + Level 4.8 Dodging
 + Level 1.5 Stealth
 + Level 1.5 Shields
 + Level 1.5 Unarmed Combat
 + Level 3.2 Spellcasting
 + Level 1.2 Conjurations
 + Level 5.5 Hexes
 + Level 1.2 Summonings
 + Level 1.2 Necromancy
 + Level 1.2 Translocations
 + Level 2.4 Fire Magic
 + Level 1.2 Ice Magic
 + Level 1.2 Air Magic
 + Level 1.2 Earth Magic
 + Level 1.2 Alchemy
 + Level 1.7 Invocations
 + Level 1.5 Evocations
 + Level 1.4 Shapeshifting


You had one spell level left.
You knew the following spells:

 Your Spells              Type           Power      Damage    Failure   Level
a - Jinxbite              Hex            34%        N/A       3%          2
b - Foxfire               Conj/Fire      28%        2x1d5     10%         1
c - Sigil of Binding      Hex            17%        N/A       6%          3
d - Dazzling Flash        Conj/Hex       22%        N/A       16%         3

Your spell library contained the following spells:

 Spells                   Type           Power      Damage    Failure   Level
 Freeze                   Ice            20%        1d4       13%         1
 Kiss of Death            Conj/Necr      20%        2d7       13%         1
 Inner Flame              Hex/Fire       13%        N/A       12%         3
 Cause Fear               Hex            8%         N/A       22%         4
 Volatile Blastmotes      Fire/Tloc      14%        2d11      30%         3
 Dimensional Bullseye     Hex/Tloc       5%         N/A       45%         4
 Starburst                Conj/Fire      3%         6d3       100%        6
 Maxwell's Capacitive Co  Air            2%         ∞         100%        8


Dungeon Overview and Level Annotations

Branches:
Dungeon (4/15)
 Temple: D:4-7

Altars:
Gozag
Sif Muna
The Shining One

Shops:
D:1 (

Annotations:
D:4 Pikel


Innate Abilities, Weirdness & Mutations

You have very sharp teeth.
Your uncanny sense of smell can sniff out nearby items.
Your experience applies equally to all skills.


Message History

You shoot a sling bullet. The orc priest shouts!
The sling bullet hits the orc but does no damage.
The orc barely misses you. The lemure misses you.
Okay, then.
You fade into invisibility!
An orc priest comes into view. It is wielding a +0 flail.
The orc barely misses you. The lemure hits you. The lemure closely misses you.
The orc priest barely misses you.
Unknown command.
The orc priest invokes the aid of Beogh against something.
The orc priest shouts!
You hear a shout! x2
You fade further into invisibility.
The orc priest hits you with a +0 flail.
The orc barely misses you.
Casting: Sigil of Binding (dangerous; 6% risk of failure)
Confirm with . or Enter, or press ? or * to list all spells.
Casting: Dazzling Flash (dangerous; 16% risk of failure)
Press: ? - help, Dir - look around, f - activate The orc priest is dazzled.
The lemure is dazzled.
The orc priest casts a cantrip, but nothing happens.
The orc closely misses you.
Fire: a) +1 sling
Press: ? - help, Q - select action, (/) - cycle Shift-Dir - straight line, f - orc priest
Aim: an orc priest, wielding a +0 flail and wearing a +0 leather armour (blind, unable to see you, 60% to hit)
You shoot a sling bullet.
The sling bullet closely misses the orc priest.
The orc priest misses you. The orc hits you but does no damage.
Fire: a) +1 sling
Press: ? - help, Q - select action, (/) - cycle Shift-Dir - straight line, f/p - orc priest
Aim: an orc priest, wielding a +0 flail and wearing a +0 leather armour (blind, unable to see you, 60% to hit)
You shoot a sling bullet.
The sling bullet barely misses the orc priest.
The orc barely misses you.
The orc priest hits you with a +0 flail!
The lemure hits you!
* * * LOW HITPOINT WARNING * * *
The lemure hits you!
You die...
Your body crumbles into a pile of gold.

#.# #.###K###.#
##'## ##.##.##.##
##...## ##5#.#.##
##.....## ###...##
#.....^.## ##.##.##
.........####...#.#
.........'.....5..#
.....^...####..o#5#
#.......## ####@5#
##.....## #o##
##...## #o. ##'##
#... #.# #..). #.#
#..... .. #######


You could see 3 lemures, 2 orc priests and an orc (unable to see you).

Vanquished Creatures
  An orc priest (D:3)
  3 adders
  3 gnolls (D:4)
  2 dart slugs
  A ribbon worm (D:4)
  12 orcs
  5 endoplasms
  A giant cockroach (D:3)
  5 hobgoblins
  4 quokkas
  4 ball pythons
  4 bats
  3 frilled lizards
  5 goblins
  6 kobolds
  2 rats (D:2)
61 creatures vanquished.

Vanquished Creatures (others)
  34 foxfires
34 creatures vanquished.

Grand Total: 95 creatures vanquished

Notes
Turn   | Place    | Note
-------+----------+-------------------------------------------
     0 | D:1      | dolemite99 the Gnoll Hexslinger began the quest for the
                  | Orb.
     0 | D:1      | Reached XP level 1. HP: 17/17 MP: 4/4
   317 | D:1      | Got A Vellum of Starting Spells
   344 | D:1      | Reached XP level 2. HP: 21/23 MP: 5/5
   355 | D:1      | Found Loewe's Weapon Shoppe.
   765 | D:1      | Learned a level 2 spell: Jinxbite
  1106 | D:2      | Learned a level 1 spell: Foxfire
  1398 | D:2      | Reached XP level 3. HP: 28/28 MP: 7/7
  1556 | D:2      | Reached skill level 1 in Invocations
  1717 | D:2      | Found an opulent altar of Gozag.
  1735 | D:2      | Became a worshipper of Gozag Ym Sagoz the Greedy
  2387 | D:3      | Reached skill level 1 in Short Blades
  2387 | D:3      | Reached skill level 1 in Long Blades
  2387 | D:3      | Reached skill level 1 in Axes
  2387 | D:3      | Reached skill level 1 in Maces & Flails
  2387 | D:3      | Reached skill level 1 in Polearms
  2387 | D:3      | Reached skill level 1 in Staves
  2387 | D:3      | Reached skill level 1 in Throwing
  2387 | D:3      | Reached skill level 1 in Armour
  2387 | D:3      | Reached skill level 1 in Stealth
  2387 | D:3      | Reached skill level 1 in Shields
  2387 | D:3      | Reached skill level 1 in Unarmed Combat
  2387 | D:3      | Reached skill level 1 in Evocations
  2387 | D:3      | Reached skill level 1 in Shapeshifting
  2387 | D:3      | Reached XP level 4. HP: 18/34 MP: 8/8
  2757 | D:3      | Learned a level 2 spell: Jinxbite
  2762 | D:3      | Learned a level 3 spell: Sigil of Binding
  2780 | D:3      | Learned a level 3 spell: Dazzling Flash
  3052 | D:3      | Reached skill level 1 in Conjurations
  3052 | D:3      | Reached skill level 1 in Summonings
  3052 | D:3      | Reached skill level 1 in Necromancy
  3052 | D:3      | Reached skill level 1 in Translocations
  3052 | D:3      | Reached skill level 1 in Ice Magic
  3052 | D:3      | Reached skill level 1 in Air Magic
  3052 | D:3      | Reached skill level 1 in Earth Magic
  3052 | D:3      | Reached skill level 1 in Alchemy
  4796 | D:4      | Reached XP level 5. HP: 28/40 MP: 6/9
  5609 | D:4      | Found a shimmering blue altar of Sif Muna.
  5609 | D:4      | Found a glowing golden altar of the Shining One.
  5669 | D:4      | Noticed Pikel
  5669 | D:4      | Noticed a lemure
  5669 | D:4      | Noticed a lemure
  5678 | D:4      | Noticed a lemure
  5735 | D:4      | Noticed a lemure
  5887 | D:4      | Slain by a lemure

Illustrated notes

Levels and vault maps discovered:
D:1:      minmay_arrival_solitary_statue, layout_loops_ring, serial_shops,
          nicolae_shop_just_a_little_nook
D:2:      layout_basic, basic_altar
D:3:      layout_loops_ring
D:4:      layout_loops_corners, gammafunk_temple_overflow_elements,
          nicolae_nh_ransacked_shop, uniq_pikel

Skill      XL: |  1  2  3  4  5 |
---------------+----------------+-----
Fire Magic     | 2 |  2.4
Invocations    | 1 |  1.7
Short Blades   | 1 |  1.5
Long Blades    | 1 |  1.5
Axes           | 1 |  1.5
Maces & Flails | 1 |  1.5
Polearms       | 1 |  1.5
Staves         | 1 |  1.5
Throwing       | 1 |  1.5
Armour         | 1 |  1.5
Stealth        | 1 |  1.5
Shields        | 1 |  1.5
Unarmed Combat | 1 |  1.5
Spellcasting   | 3 |  3.2
Evocations     | 1 |  1.5
Shapeshifting  | 1 |  1.4
Conjurations   | 1 |  1.2
Summonings     | 1 |  1.2
Necromancy     | 1 |  1.2
Translocations | 1 |  1.2
Ice Magic      | 1 |  1.2
Air Magic      | 1 |  1.2
Earth Magic    | 1 |  1.2
Alchemy        | 1 |  1.2
Fighting       | 3 |  3.0
Ranged Weapons | |  4.8
Dodging        | |  4.8
Hexes          | |  5.5

Action                     |  1- 3 |  4- 6 || total
---------------------------+-------+-------++-------
   Fire: Sling             |    72 |   110 ||   182
   Cast: Foxfire           |     7 |    13 ||    20
         Jinxbite          |       |    12 ||    12
         Sigil of Binding  |       |    11 ||    11
         Dazzling Flash    |       |     2 ||     2
    Use: Scroll            |     5 |     4 ||     9
         Potion            |       |     5 ||     5
 Armour: Robe              |    18 |    67 ||    85
  Dodge: Dodged            |    17 |    82 ||    99

Table legend: (Time is in decaauts)
 A = Elapsed time spent in this place.
 B = Non-inter-level travel time spent in this place.
 C = Inter-level travel time spent in this place.
 D = Time resting spent in this place.
 E = Time spent auto-exploring this place.
 F = Levels seen in this place.
 G = Mean time per level.
                   A        B        C        D        E       F      G
               +--------+--------+--------+--------+--------+-----+--------+
         Total |   5916 |   5819 |     97 |   2631 |   2229 |   4 | 1479.0 |
       Dungeon |   5916 |   5819 |     97 |   2631 |   2229 |   4 | 1479.0 |
               +--------+--------+--------+--------+--------+-----+--------+

Top non-repeatable levels by time:
     D:4: 1894 daAuts
     D:3: 1717 daAuts
     D:2: 1486 daAuts
     D:1: 818 daAuts
